 Dungeon Crawl Stone Soup version 0.22-a0-379-ga9d99d6 (webtiles) character file.

8095 George the Carver (level 11, 0/94 HPs)
             Began as a Minotaur Fighter on Apr 28, 2018.
             Was an Elder of Okawaru.
             Killed from afar by a gargoyle (13 damage)
             ... with a stone arrow
             ... on level 10 of the Dungeon.
             The game lasted 00:14:59 (8363 turns).

George the Carver (Minotaur Fighter)                Turns: 8363, Time: 00:14:59

Health: 0/94       AC: 12    Str: 27    XL:     11   Next: 5%
Magic:  0/23       EV: 13    Int:  5    God:    Okawaru [****..]
Gold:   481        SH: 13    Dex: 10    Spells: 10/10 levels left

rFire    . . .     SeeInvis .   w - +2 long sword (holy)
rCold    . . .     Gourm    .   c - +0 shield
rNeg     . . .     Faith    .   s - +0 chain mail
rPois    .         Spirit   +   (helmet restricted)
rElec    .         Reflect  .   (no cloak)
rCorr    .         Harm     .   (no gloves)
MR       .....                  (no boots)
Stlth    ..........             J - amulet of guardian spirit
HPRegen  0.25/turn              B - +3 ring of strength (curse)
MPRegen  0.18/turn              v - ring of magical power

@: heroism
A: retaliatory headbutt, horns 2
a: Heroism, Renounce Religion


You were on level 10 of the Dungeon.
You worshipped Okawaru.
Okawaru was greatly pleased with you.
You were hungry.

You visited 2 branches of the dungeon, and saw 11 of its levels.
You also visited: Sewer and Ossuary.

You collected 611 gold pieces.
You spent 130 gold pieces at shops.

Inventory:

Hand Weapons
 w - a +2 long sword of holy wrath (weapon)
 z - the +4 Vampire's Tooth {vamp}
   (You found it on level 6 of the Dungeon)

   It inflicts no extra harm, but heals its wielder when it wounds a living foe.
Missiles
 H - 7 javelins of returning (quivered)
Armour
 c - a +0 shield (worn)
 s - a +0 chain mail (worn)
Jewellery
 v - a ring of magical power (right hand)
 B - a cursed +3 ring of strength (left hand)
 J - an amulet of guardian spirit (around neck)
Wands
 j - a wand of flame (44)
 m - a wand of random effects (45)
 r - a wand of paralysis (29)
 A - a wand of acid (7)
 I - a wand of polymorph (8)
 M - a wand of iceblast (9)
 O - a wand of disintegration (7)
Scrolls
 a - 2 scrolls of random uselessness {unknown}
 b - 8 scrolls of identify {unknown}
 e - 2 scrolls of enchant armour {unknown}
 l - 2 scrolls of fear {unknown}
 p - 5 scrolls of teleportation
 q - 4 scrolls of enchant weapon {unknown}
 u - 2 scrolls of remove curse
 x - 2 scrolls of fog {unknown}
 y - 2 scrolls of magic mapping
 D - 2 scrolls of silence {unknown}
 E - a scroll of blinking {unknown}
 N - a scroll of acquirement {unknown}
Potions
 d - 2 potions of might
 g - 2 potions of mutation {unknown}
 h - 2 potions of berserk rage {unknown}
 i - 3 potions of haste {unknown}
 k - 4 potions of brilliance {unknown}
 n - 6 potions of curing {unknown}
 o - 2 potions of heal wounds {unknown}
 t - 2 potions of ambrosia {unknown}
 C - a potion of magic {unknown}
 F - a potion of resistance {unknown}
 G - a potion of flight {unknown}
 K - a potion of lignification {unknown}
 L - a potion of agility {unknown}
Comestibles
 f - 18 rations
 P - 5 chunks of flesh


   Skills:
 + Level 8.1(13.1) Fighting
 + Level 12.2(17.2) Long Blades
 + Level 8.1(13.1) Armour
 + Level 6.5(11.5) Dodging
 + Level 8.3(13.3) Shields
 + Level 6.1 Invocations


You had 10 spell levels left.
You didn't know any spells.

Dungeon Overview and Level Annotations

Branches:
Dungeon (10/15)            Temple (1/1) D:4
   Lair: D:8-11         Orc: D:9-12

Altars:
Ashenzari
Cheibriados
Dithmenos
Elyvilon
Fedhas
Gozag
Hepliaklqana
Kikubaaqudgha
Makhleb
Nemelex Xobeh
Okawaru
Qazlal
Ru
Sif Muna
Trog
Uskayaw
Vehumet
Wu Jian
Xom
Yredelemnul
Zin
The Shining One

Shops:
D:5 (   D:9 [


Innate Abilities, Weirdness & Mutations

You reflexively headbutt those who attack you in melee.
You have a pair of horns on your head.


Message History

The gargoyle hurls a stone arrow at you.
The stone arrow hits you!
* * * LOW HITPOINT WARNING * * *
You hit the gargoyle but do no damage. Your headbutt misses the gargoyle.
The gargoyle is lightly damaged.
You block the gargoyle's attack.
You hit the gargoyle but do no damage.
The gargoyle is lightly damaged.
You hit the gargoyle but do no damage.
You headbutt the gargoyle, but do no damage.
The gargoyle is lightly damaged.
The gargoyle hits you with a mace!
* * * LOW HITPOINT WARNING * * *
Okay, then.
You are feeling hungry.
You see here a hound corpse.
You see here an arrow.
The gargoyle hurls a stone arrow at you.
The stone arrow hits you!
You die...

# ..
########
...
#....@.##
....
##.####(.#
.....
####..#
##9##......
#....##
#.).......
######.####
###....>..
#..)...#
.#.....
#.....[####
.. ....
#....<....#
... ...
#......##.#
.... ..


You could see a gargoyle.

Vanquished Creatures
  2 two-headed ogres
  The ghost of Tungsten the Changer, a novice DgTm (D:6)
  A troll (D:10)
  A wyvern (D:7)
  5 yaks (D:10)
  A hungry ghost (D:8)
  2 orc warriors
  4 ice beasts
  4 black bears
  A necrophage (D:9)
  3 sky beasts
  A phantom (D:6)
  4 centaurs
  4 ogres
  An elf zombie (Ossuary)
  4 big kobolds (Sewer)
  3 bullfrogs
  5 scorpions
  8 killer bees
  A howler monkey (D:5)
  2 vampire bats (D:6)
  3 crimson imps
  5 centaur zombies
  2 quasits
  7 hounds
  7 orc priests
  2 centaur skeletons (D:8)
  8 orc wizards
  Jessica (D:2)
  Terence (D:3)
  5 iguanas
  3 worker ants
  A big kobold zombie (Ossuary)
  3 hound zombies (Ossuary)
  4 mummies
  A worker ant zombie (D:5)
  Robin (D:2)
  6 gnolls (D:6)
  2 howler monkey skeletons
  13 adders
  2 shadow imps
  8 oozes (Sewer)
  5 adder zombies
  An adder skeleton (D:5)
  3 worms
  A dart slug (D:4)
  8 leopard geckos
  41 orcs
  15 bats
  4 giant cockroaches
  2 gnoll zombies (Ossuary)
  22 goblins
  16 hobgoblins
  10 jackals
  21 kobolds
  2 quokkas
  4 ball pythons
  2 frilled lizards
  2 goblin zombies (Ossuary)
  2 hobgoblin zombies (Ossuary)
  A jackal skeleton (D:4)
  4 jackal zombies
  7 kobold zombies (Ossuary)
  A leopard gecko skeleton (D:4)
  An orc zombie (Ossuary)
  A quokka zombie (Ossuary)
  8 rats
  4 rat zombies (Ossuary)
  A bush (D:6)
332 creatures vanquished.

Notes
Turn   | Place    | Note
-------+----------+-------------------------------------------
     0 | D:1      | George the Minotaur Fighter began the quest for the Orb.
     0 | D:1      | Reached XP level 1. HP: 19/19 MP: 0/0
    86 | D:1      | Reached skill level 3 in Long Blades
   154 | D:1      | Reached XP level 2. HP: 26/26 MP: 1/1
   310 | D:1      | Reached skill level 4 in Long Blades
   601 | D:2      | Found a basalt altar of Yredelemnul.
   639 | D:2      | Reached XP level 3. HP: 28/31 MP: 2/2
   667 | D:2      | Noticed Jessica
   669 | D:2      | Killed Jessica
   669 | D:2      | Reached skill level 5 in Long Blades
   674 | D:2      | Reached XP level 4. HP: 35/39 MP: 3/3
   683 | D:2      | Found a glowing silver altar of Zin.
   684 | D:2      | Noticed an angel
   757 | D:2      | Found a faded altar of an unknown god.
   932 | D:2      | Noticed Robin
   943 | D:2      | Killed Robin
   943 | D:2      | Reached skill level 6 in Long Blades
  1121 | D:3      | Found a glowing drain.
  1133 | Sewer    | Entered a sewer
  1164 | Sewer    | Reached XP level 5. HP: 38/45 MP: 4/4
  1373 | Sewer    | Reached skill level 7 in Long Blades
  1433 | Sewer    | Reached skill level 8 in Long Blades
  1433 | Sewer    | Reached XP level 6. HP: 34/51 MP: 5/5
  1632 | Sewer    | Reached skill level 9 in Long Blades
  1734 | D:3      | Noticed Terence
  1740 | D:3      | Killed Terence
  1743 | D:3      | Reached XP level 7. HP: 53/57 MP: 6/6
  2134 | D:4      | Found a blossoming altar of Fedhas.
  2316 | D:4      | Found a staircase to the Ecumenical Temple.
  2331 | D:4      | Reached skill level 10 in Long Blades
  2339 | Temple   | Entered the Ecumenical Temple
  2413 | Temple   | Became a worshipper of Warmaster Okawaru
  2707 | D:4      | Found a burning altar of Makhleb.
  3054 | D:5      | Entered Level 5 of the Dungeon
  3070 | D:5      | Reached skill level 1 in Dodging
  3298 | D:5      | Reached skill level 1 in Invocations
  3338 | D:5      | Found Veru Tyh's Antique Weapon Shoppe.
  3673 | D:5      | Reached XP level 8. HP: 56/66 MP: 7/7
  3714 | D:5      | Reached * piety under Okawaru
  3790 | D:5      | Found a snail-covered altar of Cheibriados.
  4476 | D:5      | Bought a runed long sword for 130 gold pieces
  4492 | D:6      | Found a sand-covered staircase.
  4532 | Ossuary  | Entered an ossuary
  4654 | Ossuary  | Reached skill level 5 in Shields
  4657 | Ossuary  | Reached skill level 5 in Armour
  4724 | Ossuary  | Reached skill level 5 in Fighting
  4834 | D:6      | Noticed Tungsten's ghost (novice DgTm)
  4847 | D:6      | Killed Tungsten's ghost
  4847 | D:6      | Reached ** piety under Okawaru
  4847 | D:6      | Reached skill level 11 in Long Blades
  4847 | D:6      | Reached XP level 9. HP: 43/74 MP: 10/10
  5118 | D:6      | Found a sacrificial altar of Ru.
  5162 | D:6      | Found the +4 Vampire's Tooth {vamp}
  5907 | D:7      | Found a basalt altar of Yredelemnul.
  6065 | D:7      | Reached *** piety under Okawaru
  6741 | D:8      | Found a bloodstained altar of Trog.
  6747 | D:8      | Reached skill level 5 in Dodging
  6752 | D:8      | Reached XP level 10. HP: 68/84 MP: 12/12
  6957 | D:8      | Found a hide-covered altar of Uskayaw.
  7061 | D:8      | Reached **** piety under Okawaru
  7061 | D:8      | Reached skill level 5 in Invocations
  7431 | D:9      | Received a gift from Okawaru
  7775 | D:9      | Found Qaeteh's Armour Shop.
  7826 | D:9      | Noticed a two-headed ogre
  7841 | D:9      | Killed a two-headed ogre
  7841 | D:9      | Reached skill level 12 in Long Blades
  8171 | D:10     | Entered Level 10 of the Dungeon
  8171 | D:10     | Noticed a two-headed ogre
  8177 | D:10     | Killed a two-headed ogre
  8282 | D:10     | Reached XP level 11. HP: 43/94 MP: 13/14
  8363 | D:10     | Killed from afar by a gargoyle

Vault maps used:
D:1:      minmay_arrival_doors, corexii_leaking_fountain, kennysheep_crisscross
D:2:      yredelemnul_altar_generic, zin_angel,
          chequers_ecumenical_altar_simple, uniq_jessica, uniq_robin
D:3:      gup_sewer_entry_pipe, guppyfry_early_orc_mine, uniq_terence
D:4:      lemuel_doored_altar, lemuel_crystal_altar,
          minmay_temple_entry_butterflies
D:5:      slow_altar_1, serial_shops, shop_fountains, first_ration
D:6:      corexii_shantytown, overflow_temple_1_default,
          nicolae_ossuary_entry_ruins, kb_lookout_dungeons_type,
          minmay_guarded_unrand_vampires_tooth
D:7:      basic_altar
D:8:      trog_ov_bears_minmay, nicolae_overflow_hidden_temple
D:9:      serial_shops, kennysheep_mini_moat
D:10:     serial_shops, nicolae_shop_statue_plus, grunt_pizzeria, uniq_maurice
Temple:   jpeg_temple_clearing
Sewer:    sewer_co_tree
Ossuary:  minmay_ossuary_two_tombs

Skill      XL: |  1  2  3  4  5  6  7  8  9 10 |
---------------+-------------------------------+-----
Long Blades    | 3 4 5 6 8 9 10 11 12 | 12.2
Dodging        | 1 3 5 6 |  6.5
Shields        | 4 5 6 8 |  8.3
Fighting       | 4 5 6 8 |  8.1
Armour         | 4 5 6 8 |  8.1
Invocations    | 1 3 4 6 |  6.1

Action                   |  1- 3 |  4- 6 |  7- 9 | 10-12 || total
-------------------------+-------+-------+-------+-------++-------
Melee: Long sword        |    59 |   205 |   509 |   205 ||   978
       Headbutt          |     8 |    21 |    86 |    49 ||   164
Invok: Heroism           |       |       |       |     4 ||     4
  Use: Scroll            |     2 |     3 |       |       ||     5
  Eat: Chunk             |       |     4 |    16 |     6 ||    26
Armor: Scale mail        |    25 |    68 |    14 |       ||   107
       Chain mail        |       |       |   204 |    54 ||   258
Dodge: Dodged            |    13 |    64 |   130 |    70 ||   277
Block: Shield            |    31 |    98 |   217 |    87 ||   433
       Rpst.: Long sword |     3 |    22 |    30 |    16 ||    71

Table legend:
 A = Spawn XP
 B = Non-spawn XP
 C = Spawn XP percentage of total XP
 D = Spawn monster count
 E = Non-spawn monster count
 F = Spawn count percentage of total count
 G = Total turns spent on level
                    A         B        C        D         E        F      G
               +---------+---------+-------+---------+---------+-------+---------
         Total |       0 |   11565 |   0.0 |       0 |     331 |   0.0 |  8363
               +---------+---------+-------+---------+---------+-------+---------
           D:1 |       0 |      30 |   0.0 |       0 |      18 |   0.0 |   534
           D:2 |       0 |     135 |   0.0 |       0 |      29 |   0.0 |   528
           D:3 |       0 |     108 |   0.0 |       0 |      24 |   0.0 |   526
           D:4 |       0 |     381 |   0.0 |       0 |      18 |   0.0 |  1118
           D:5 |       0 |     767 |   0.0 |       0 |      31 |   0.0 |  1164
           D:6 |       0 |    1696 |   0.0 |       0 |      60 |   0.0 |  1174
           D:7 |       0 |    1150 |   0.0 |       0 |      20 |   0.0 |   822
           D:8 |       0 |    1763 |   0.0 |       0 |      31 |   0.0 |   642
           D:9 |       0 |    2161 |   0.0 |       0 |      24 |   0.0 |   803
          D:10 |       0 |    2413 |   0.0 |       0 |      10 |   0.0 |   192
         Sewer |       0 |     500 |   0.0 |       0 |      28 |   0.0 |   526
       Ossuary |       0 |     461 |   0.0 |       0 |      38 |   0.0 |   238
               +---------+---------+-------+---------+---------+-------+---------
